 Dungeon Crawl Stone Soup version 0.27-a0-695-gb4952372f7 (webtiles) character file.

Game seed: 2052282432839321462

144 dolemite99 the Ruffian (level 5, 0/45 HPs)
             Began as a Troll Warper on Mar 22, 2021.
             Was an Initiate of Hepliaklqana.
             Slain by a worm (6 damage)
             ... on level 3 of the Dungeon.
             The game lasted 00:03:01 (1892 turns).

dolemite99 the Ruffian (Troll Warper)               Turns: 1892, Time: 00:03:01

Health: 0/45       AC:  4    Str: 20    XL:     5   Next: 5%
Magic:  5/5        EV:  9    Int:  9    God:    Hepliaklqana [......]
Gold:   101        SH:  0    Dex:  9    Spells: 6/6 levels left

rFire    . . .     SeeInvis .     - Unarmed
rCold    . . .     Faith    .   (no shield)
rNeg     . . .     Spirit   .   a - +0 robe
rPois    .         Reflect  .   (helmet restricted)
rElec    .         Harm     .   (no cloak)
rCorr    .         Rampage  .   (gloves unavailable)
Will     .....                  (boots unavailable)
Stlth    +.........             (no amulet)
HPRegen  1.15/turn              (no ring)
MPRegen  0.09/turn              (no ring)

@: no status effects
A: reduced essence, large, unfitting armour, claws 3, regeneration 1, shaggy fur
1, tough skin 1
a: Renounce Religion, Recall Ancestor, Ancestor Identity


You were on level 3 of the Dungeon.
You worshipped Hepliaklqana.
Hepliaklqana was noncommittal.
You visited 1 branch of the dungeon, and saw 3 of its levels.

You collected 101 gold pieces.

Inventory:

Missiles
 d - 5 atropa-tipped darts (quivered)
 f - 21 sling bullets
 g - 80 arrows
 j - 8 boomerangs
 k - 58 stones
Armour
 a - a +0 robe (worn)
Scrolls
 c - 2 scrolls of blinking
 e - 2 scrolls of magic mapping
 i - a scroll of enchant weapon {unknown}
 l - a scroll of amnesia {unknown}
Potions
 b - a potion of attraction
 h - a potion of flight


   Skills:
 + Level 2.7 Fighting
 - Level 0.8 Throwing
 - Level 1.9 Dodging
 * Level 4.4 Unarmed Combat
 - Level 1.2 Spellcasting
 - Level 2.1 Translocations


You had 6 spell levels left.
You didn't know any spells.
Your spell library contained the following spells:

 Spells                   Type           Power      Damage    Failure   Level
 Blink                    Tloc           N/A        N/A       22%         2
 Gell's Gravitas          Tloc           2%         N/A       41%         3
 Lesser Beckoning         Tloc           2%         N/A       41%         3
 Teleport Other           Tloc           4%         N/A       41%         3
 Manifold Assault         Tloc           4%         N/A       82%         4


Dungeon Overview and Level Annotations

Branches:
Dungeon (3/15)

Altars:
Hepliaklqana
Ru
The Shining One


Innate Abilities, Weirdness & Mutations

Your life essence is reduced to manifest your ancestor. (-10% HP)
You are too large for most types of armour.
You have claws for hands.
Your natural rate of healing is unusually fast.
You are covered in fur. (AC +1)
You have tough skin. (AC +1)


Message History

The orc hits you with a +0 hand axe!
The orc priest looks satisfied for a moment.
The worm bites Zolin!
Zolin hits the orc.
The orc dies!
The orc barely misses you.
Zolin barely misses the orc.
The orc priest hits you but does no damage.
The orc barely misses Zolin.
Found a leather armour and 28 arrows.
You claw the orc priest!
The orc priest is almost dead.
Zolin barely misses the orc.
The orc hits you with a +0 mace.
The orc hits you with a +1 falchion of protection.
The orc priest calls down the wrath of Beogh upon you.
Pain shoots through your body!
The orc hits Zolin with a +0 hand axe.
You claw the orc priest!
You kill the orc priest!
Zolin hits the orc but does no damage.
The worm completely misses you.
The orc hits you with a +1 falchion of protection.
The orc hits you with a +0 mace.
The orc hits Zolin with a +0 hand axe.
You have reached level 5!
You scratch the worm.
The worm is lightly wounded.
Zolin hits the orc.
The orc hits you with a +1 falchion of protection!
* * * LOW HITPOINT WARNING * * *
The orc barely misses you.
You claw the worm!
The worm is severely wounded.
The worm barely misses you.
Zolin completely misses the orc.
Okay, then.
You scratch the orc but do no damage. The orc barely misses you.
The orc hits you with a +1 falchion of protection.
* * * LOW HITPOINT WARNING * * *
You closely miss the orc. The orc closely misses you.
The orc hits you with a +1 falchion of protection!
* * * LOW HITPOINT WARNING * * *
The worm bites you.
You die...

#...###### #.........
###########.#####.
######.................
#.........######.##....
#.........######.##....
#.....>R..'............
#....ooo..###....##....
#.....@w..###....##....
#.........##.....##....
#.........##....###....
...........##....#
#####
[..........##....#
(..........##....#
......#.#####....#
......#.# #....# #.####


You could see the friendly Zolin the ancestor, a worm and 3 orcs.

Vanquished Creatures
  An orc priest (D:3)
  An orc wizard (D:3)
  An adder (D:2)
  A white imp (D:3)
  A worm (D:2)
  A dart slug (D:1)
  A leopard gecko (D:1)
  3 orcs (D:3)
  A ball python (D:1)
  2 giant cockroaches
  7 goblins
  3 hobgoblins
  2 jackals (D:2)
  5 kobolds
  A quokka (D:1)
  6 bats
  A frilled lizard (D:2)
  7 rats
45 creatures vanquished.

Vanquished Creatures (collateral kills)
  2 adders
  An orc (D:3)
  A bat (D:2)
4 creatures vanquished.

Grand Total: 49 creatures vanquished

Notes
Turn   | Place    | Note
-------+----------+-------------------------------------------
     0 | D:1      | dolemite99 the Troll Warper began the quest for the Orb.
     0 | D:1      | Reached XP level 1. HP: 19/19 MP: 1/1
   282 | D:1      | Reached XP level 2. HP: 27/28 MP: 2/2
  1008 | D:2      | Reached skill level 3 in Unarmed Combat
  1008 | D:2      | Reached XP level 3. HP: 33/35 MP: 3/3
  1253 | D:2      | Found a sacrificial altar of Ru.
  1273 | D:2      | Became a worshipper of Ru the Awakened
  1383 | D:2      | Found a hazy altar of Hepliaklqana.
  1387 | D:2      | Fell from the grace of Ru
  1387 | D:2      | Became a worshipper of Hepliaklqana the Forgotten
  1518 | D:2      | Found a glowing golden altar of the Shining One.
  1633 | D:3      | Reached XP level 4. HP: 35/39 MP: 4/4
  1640 | D:3      | Reached skill level 4 in Unarmed Combat
  1889 | D:3      | Reached XP level 5. HP: 20/45 MP: 5/5
  1892 | D:3      | Slain by a worm

Illustrated notes

Levels and vault maps discovered:
D:1:      minmay_arrival_four_loops, layout_basic
D:2:      layout_basic, marbit_many_paths, lemuel_round_altar,
          nicolae_overflow_crystal_walls
D:3:      layout_basic

Skill      XL: |  1  2  3  4 |
---------------+-------------+-----
Fighting       | 2 |  2.7
Unarmed Combat | 3 4 |  4.4
Throwing       | |  0.8
Dodging        | |  1.9
Spellcasting   | |  1.2
Translocations | |  2.1

Action                   |  1- 3 |  4- 6 || total
-------------------------+-------+-------++-------
Melee: Unarmed           |    89 |    29 ||   118
       Punch             |       |     2 ||     2
Throw: Boomerang         |    21 |     2 ||    23
       Dart              |    67 |     6 ||    73
  Use: Scroll            |       |     5 ||     5
 Stab: Invisible         |     1 |       ||     1
Armor: Robe              |    28 |    14 ||    42
Dodge: Dodged            |    47 |    19 ||    66

Table legend: (Time is in decaauts)
 A = Elapsed time spent in this place.
 B = Non-inter-level travel time spent in this place.
 C = Inter-level travel time spent in this place.
 D = Time resting spent in this place.
 E = Time spent auto-exploring this place.
 F = Levels seen in this place.
 G = Mean time per level.
                   A        B        C        D        E       F      G
               +--------+--------+--------+--------+--------+-----+--------+
         Total |   1886 |   1821 |     65 |     15 |   1317 |   3 |  628.7 |
       Dungeon |   1886 |   1821 |     65 |     15 |   1317 |   3 |  628.7 |
               +--------+--------+--------+--------+--------+-----+--------+

Top non-repeatable levels by time:
     D:1: 982 daAuts
     D:2: 641 daAuts
     D:3: 262 daAuts
